Map: Dusk Towers

Players

desRow - Winner!

  • Race: Protoss Protoss
  • League: Grandmaster

Goomba

  • Race: Terran Terran
  • League: Master

VOD

Have the link to the VOD?

Description

Time

  • Played on: Feb. 19, 2016, 4:35 p.m.
  • Length: 11:54
Show
View Real Time Build Order
Export as new Build Order

desRow Protoss - Winner!

Build Orders: 1 Gate Expand, Blink Stalkers 

Get SALT Encoding   

  12  0:00  Probe (Chrono Boost)  
  13  0:11  Probe (Chrono Boost)  
  14  0:18  Pylon  
  14  0:22  Probe (Chrono Boost)  
  15  0:37  Probe (Chrono Boost)  
  15  0:39  Gateway  
  15  0:41  Assimilator  
  16  0:47  Probe (Chrono Boost)  
  17  0:58  Probe (Chrono Boost)  
  18  1:09  Probe (Chrono Boost)  
  19  1:20  Nexus  
  19  1:23  Probe (Chrono Boost)  
  20  1:33  Cybernetics Core  
  20  1:37  Probe (Chrono Boost)  
  21  1:47  Assimilator  
  21  1:48  Pylon  
  21  1:50  Probe (Chrono Boost)  
  22  2:00  Probe (Chrono Boost)  
  23  2:09  Warp Gate  
  23  2:10  Adept (Chrono Boost)  
  23  2:11  Probe  
  26  2:23  Probe  
  27  2:32  Probe (Chrono Boost)  
  27  2:35  Probe (Chrono Boost)  
  29  2:44  Probe (Chrono Boost)  
  30  2:46  Probe (Chrono Boost)  
  30  2:47  Robotics Facility  
  31  2:54  Probe (Chrono Boost), Stalker  
  31  2:57  Probe (Chrono Boost)  
  35  3:05  Probe (Chrono Boost)  
  36  3:10  Probe (Chrono Boost), Twilight Council  
  37  3:15  Probe (Chrono Boost)  
  38  3:21  Probe (Chrono Boost), Gateway x2  
  38  3:26  Probe (Chrono Boost)  
  40  3:31  Probe (Chrono Boost)  
  41  3:35  Probe (Chrono Boost), Observer (Chrono Boost)  
  41  3:39  Pylon  
  41  3:40  Assimilator  
  43  3:42  Probe  
  43  3:43  Assimilator  
  43  3:45  Probe  
  45  3:49  Blink (Chrono Boost)  
  45  3:55  Probe  
  46  3:56  Mothership Core  
  46  4:01  Pylon  
  48  4:07  Probe  
  49  4:16  Probe, Stalker x2  
  53  4:19  Probe, Stalker  
  53  4:21  Pylon  
  58  4:24  Observer (Chrono Boost)  
  58  4:26  Probe  
  58  4:30  Pylon  
  59  4:31  Probe  
  60  4:45  Probe, Pylon, Observer (Chrono Boost)  
  62  4:47  Nexus  
  62  4:48  Probe  
  63  4:57  Probe  
  63  4:58  Stalker  
  63  4:59  Stalker  
  68  5:01  Probe  
  68  5:04  Pylon  
  68  5:11  Probe, Stalker  
  68  5:12  Probe  
  72  5:22  Forge  
  72  5:23  Probe (Chrono Boost)  
  72  5:24  Probe (Chrono Boost)  
  74  5:28  Warp Prism (Chrono Boost)  
  74  5:34  Probe (Chrono Boost)  
  74  5:35  Templar Archives  
  77  5:37  Resonating Glaives (Chrono Boost)  
  77  5:38  Gateway  
  77  5:39  Gateway  
  77  5:41  Probe (Chrono Boost)  
  78  5:44  Probe (Chrono Boost)  
  79  5:52  Probe  
  79  5:56  Photon Cannon  
  80  5:58  Probe, Photon Cannon  
  80  5:59  Protoss Ground Weapons Level 1 (Chrono Boost)  
  81  6:07  Observer  
  81  6:11  Psionic Storm  
  82  6:13  Probe  
  82  6:18  Probe x2  
  85  6:25  Probe  
  86  6:30  Probe x2, Adept x3  
  94  6:35  Assimilator, Pylon  
  94  6:36  Pylon  
  94  6:37  Probe, High Templar x2  
  94  6:39  Assimilator  
  99  6:42  Probe  
  100  6:49  Probe  
  100  6:53  Probe  
  102  6:55  Adept, Pylon  
  102  6:56  Probe  
  102  6:57  Pylon  
  105  7:02  Photon Cannon, Immortal  
  105  7:04  High Templar  
  105  7:05  Pylon  
  105  7:06  High Templar  
  113  7:11  Adept  
  113  7:12  Adept  
  116  7:25  Adept  
  116  7:26  Gateway  
  116  7:28  Gateway  
  116  7:29  Gateway  
  118  7:31  Forge  
  118  7:36  Immortal  
  122  7:49  Adept x5  
  118  8:02  Probe x3  
  118  8:04  Protoss Ground Weapons Level 2 (Chrono Boost)  
  119  8:05  Protoss Ground Armor Level 1 (Chrono Boost)  
  119  8:14  Nexus  
  119  8:16  Immortal (Chrono Boost)  
  123  8:21  Stalker x2  
  123  8:35  Pylon  
  123  8:37  Assimilator  
  123  8:41  Assimilator  
  123  8:44  Pylon  
  123  8:49  Stargate  
  123  8:51  Stargate  
  123  8:55  Immortal (Chrono Boost)  
  127  8:57  Adept x5  
  137  9:05  Adept x3  
  143  9:11  Gateway  
  143  9:12  Gateway x2  
  135  9:26  Stalker x6  
  135  9:27  Stalker x2  
  145  9:40  Fleet Beacon  
  145  9:44  Observer (Chrono Boost)  
  133  10:03  High Templar  
  133  10:05  High Templar  
  133  10:06  Stalker  
  133  10:07  Stalker x2, Adept x3  
  145  10:15  Photon Cannon  
  145  10:17  Photon Cannon  
  145  10:20  Photon Cannon  
  145  10:21  Warp Prism (Chrono Boost)  
  145  10:23  Photon Cannon  
  145  10:25  Tempest x2 (Chrono Boost)  
  155  10:31  Pylon  
  153  10:37  Adept x6  
  165  11:05  Oracle (Chrono Boost)  
  165  11:07  Tempest (Chrono Boost)  
  170  11:21  Adept x3  
  170  11:22  Adept x2  
  170  11:38  Pylon  
  170  11:39  Pylon  
  162  11:54  Nexus  
Show
View Real Time Build Order
Export as new Build Order

Goomba Terran 

Build Orders: MMM Bio, Banshee Rush 

Get SALT Encoding   

  12  0:01  SCV  
  13  0:13  SCV  
  14  0:17  Supply Depot  
  14  0:25  SCV  
  15  0:39  SCV  
  15  0:40  Refinery  
  16  0:44  Barracks  
  16  0:51  SCV  
  17  1:03  SCV  
  18  1:15  SCV  
  19  1:31  Orbital Command, Marine  
  20  1:38  Supply Depot  
  20  1:46  Factory  
  20  1:49  Marine  
  21  1:57  SCV  
  21  2:00  Refinery  
  22  2:07  Marine  
  23  2:10  SCV  
  24  2:22  SCV  
  25  2:25  Marine  
  26  2:30  Command Center  
  26  2:33  Widow Mine  
  26  2:35  SCV  
  29  2:39  Starport  
  29  2:49  Marine  
  29  2:51  Supply Depot  
  30  2:55  SCV  
  31  3:05  Factory Tech Lab  
  31  3:12  SCV, Marine  
  33  3:15  Supply Depot  
  33  3:30  Cloaking Field, SCV, Banshee  
  37  3:34  Barracks Reactor, Widow Mine  
  39  3:42  Orbital Command  
  39  3:43  SCV  
  40  3:55  SCV  
  41  4:03  Command Center  
  41  4:08  Factory Tech Lab, SCV  
  42  4:10  SCV  
  42  4:11  Marine  
  42  4:14  Raven  
  46  4:20  Refinery, SCV  
  46  4:22  SCV  
  48  4:27  Supply Depot  
  48  4:36  Barracks  
  48  4:39  Factory Reactor  
  48  4:40  Barracks  
  48  4:41  SCV  
  48  4:45  Stimpack  
  49  4:46  Marine  
  49  4:48  SCV  
  51  4:54  SCV  
  51  4:57  Supply Depot  
  52  5:01  SCV  
  53  5:10  Marine  
  55  5:14  SCV x2  
  55  5:17  Engineering Bay x2  
  55  5:18  Orbital Command  
  56  5:26  SCV x2  
  58  5:38  Barracks, SCV x2  
  58  5:41  Barracks  
  60  5:43  Marauder x2, Marine  
  60  5:45  Orbital Command, Marine  
  67  5:50  Terran Infantry Armor Level 1  
  67  5:53  Terran Infantry Weapons Level 1  
  66  5:59  SCV  
  66  6:00  SCV  
  66  6:02  Refinery  
  66  6:04  Marine x3  
  68  6:06  Widow Mine, Marauder  
  68  6:09  Combat Shields  
  75  6:14  SCV  
  76  6:18  SCV  
  76  6:19  SCV  
  76  6:25  Marauder, Marine x2  
  82  6:27  Marauder  
  82  6:30  Missile Turret  
  82  6:31  Barracks Tech Lab, Missile Turret  
  82  6:32  Missile Turret  
  84  6:33  Barracks Reactor  
  84  6:34  Widow Mine, SCV x2  
  84  6:39  Supply Depot  
  88  6:42  Supply Depot  
  88  6:43  SCV  
  89  6:47  Marine  
  89  6:48  Marauder, Marine  
  89  6:53  Supply Depot  
  93  6:55  Armory  
  93  7:00  SCV x2  
  95  7:01  Missile Turret  
  95  7:03  Missile Turret  
  95  7:05  SCV, Missile Turret  
  95  7:08  Marauder  
  98  7:09  Marauder  
  98  7:12  Marauder  
  102  7:17  SCV  
  102  7:18  SCV  
  102  7:20  Marine x4  
  108  7:26  Refinery  
  108  7:28  Medivac x2  
  112  7:30  Factory Reactor  
  112  7:32  SCV x2  
  112  7:36  Marauder  
  116  7:37  Concussive Shells  
  116  7:48  Marauder  
  115  7:56  Marauder, Marine x2  
  116  7:59  Marauder, SCV  
  116  8:02  Marine  
  117  8:07  Marine  
  117  8:09  Terran Infantry Weapons Level 2, Terran Infantry Armor Level 2, SCV  
  115  8:19  Marine x4  
  113  8:31  SCV x2  
  115  8:35  SCV  
  115  8:39  Command Center  
  115  8:41  Supply Depot x3  
  116  8:43  SCV  
  117  9:00  Supply Depot  
  117  9:01  Terran Ship Weapons Level 1  
  117  9:02  SCV x2, Marine x2  
  125  9:03  Supply Depot, Marauder x2, SCV  
  126  9:15  SCV  
  123  9:24  Marauder x2, Marine x4  
  123  9:29  SCV x2  
  123  9:32  Marauder  
  123  9:34  Medivac x2  
  123  9:35  Refinery  
  123  9:36  Widow Mine x2  
  131  9:42  Starport, Marine  
  131  9:43  Starport  
  131  9:44  SCV  
  133  9:45  SCV  
  133  9:46  SCV  
  116  10:02  Marauder x2, Marine x4  
  116  10:03  SCV  
  116  10:04  SCV  
  111  10:12  Widow Mine x2  
  111  10:13  Medivac x2  
  119  10:24  Marauder x3, Marine x3  
  119  10:26  Medivac x2  
  119  10:28  SCV x2  
  132  10:43  Missile Turret  
  132  10:45  Liberator x2  
  132  10:49  Marine x2  
  133  10:50  Marauder x2, Marine  
  132  10:58  Marauder, Marine  
  132  10:59  Widow Mine x2  
  145  11:07  Marine  
  145  11:09  Marine x2  
  146  11:11  Marauder x2  
  132  11:27  Marauder, Marine x3  
  132  11:32  Marauder  
  129  11:37  SCV x3  
Tags
 
Add a new tag
Caveats
  • Supply blocks, unpowered buildings, or Contaminate may cause inaccurate times.
  • Supply counts are checked every 10 seconds.